 Dungeon Sprint DCSS version 0.16.1-30-g34a7ffa (webtiles) character file.

4840 graymark the Fighter (level 10, -4/71 HPs)
             Began as a Gargoyle Fighter on June 30, 2015.
             Slain by an earth elemental (9 damage)
             ... in the Dungeon (Sprint V: "Ziggurat Sprint").
             The game lasted 00:08:48 (1050 turns).

graymark the Fighter (Gargoyle Fighter)             Turns: 1050, Time: 00:08:48

Health: -4/71      AC: 29    Str: 36    XL:     10   Next: 49%
Magic:  15/15      EV: 13    Int: 10    God:
Gold:   0          SH:  0    Dex: 12    Spells: 0 memorised, 12 levels left

rFire  . . .     SeeInvis .     L - +12 Mace of Variability {chaos}
rCold  . . .     Clarity  .     O - +5 plate armour
rNeg   + . .     SustAb   .     (no shield)
rPois  ∞         Gourm    .     (no helmet)
rElec  +         Spirit   .     (no cloak)
rCorr  .         Warding  .     U - +0 pair of gloves {Str+3}
rMut   .         NoTele   +     (no boots)
MR     .....                    W - amulet of rage
Stlth  ..........               V - ring "Seris" {+Fly Str+5 Dex+3}
                                J - +6 ring of strength

@: not resistant to hostile enchantments, extremely unstealthy
A: negative energy resistance 1, electricity resistance, unbreathing,
petrification resistance, rot immunity, AC +7
a: Evoke Berserk Rage, Evoke Flight


You were in the Dungeon.
You were not hungry.

You visited 1 branch

Inventory:

Hand weapons
 a - a +0 flail
 L - the +12 Mace of Variability (weapon) {chaos}
   (You found it in the Dungeon)

   Each time it hits an enemy it has a different, random effect.
Armour
 b - a +0 scale mail
 l - a +3 large shield
 q - the +18 shield of the gong {rElec rN+ MR+ EV-5}
   (You found it in the Dungeon)

   It affects your evasion (-5).
   It insulates you from electricity.
   It protects you from negative energy.
   It affects your resistance to hostile enchantments.
 N - a +5 crystal plate armour
 O - a +5 plate armour (worn)
 Q - a +3 shield
 U - a +0 pair of gloves of strength (worn)
Jewellery
 F - a +6 ring of dexterity
 G - a +6 ring of dexterity
 H - a +6 ring of intelligence
 I - a +6 ring of intelligence
 J - a +6 ring of strength (left hand)
 K - a +6 ring of strength
 P - an uncursed ring of protection from magic
 V - the ring "Seris" (right hand) {+Fly Str+5 Dex+3}
   (You found it in the Dungeon)

   [ring of flight]

   It affects your strength (+5).
   It affects your dexterity (+3).
   It lets you fly.
 W - an amulet of rage (around neck)
Magical devices
 B - a wand of disintegration (7)
 C - a wand of fire (5)
 D - a wand of cold (5)
 E - a wand of draining (5)
Scrolls
 k - 4 scrolls of blinking
 s - 4 scrolls of amnesia
 t - 3 scrolls of recharging
 u - 7 scrolls of fog
 v - a scroll of holy word
 w - 5 scrolls of identify
 x - 5 scrolls of remove curse
 y - 2 scrolls of fear
 R - 3 scrolls of brand weapon
Potions
 e - 6 potions of might
 f - 10 potions of curing
 g - 9 potions of heal wounds
 h - 6 potions of haste
 i - 7 potions of magic
 j - 3 potions of berserk rage
 m - 2 potions of brilliance
 n - 2 potions of invisibility
 o - 2 potions of restore abilities
 p - 4 potions of resistance
 r - 5 potions of agility
Miscellaneous
 c - a disc of storms
 M - a crystal ball of energy
 S - a fan of gales
 T - a fan of gales
Comestibles
 d - 5 bread rations
 z - 41 fruits
 A - 4 meat rations


   Skills:
 + Level 12.1 Fighting
 + Level 11.0 Maces & Flails
 - Level 2.0 Throwing
 + Level 12.1 Armour
 + Level 9.0 Dodging
 - Level 2.3 Stealth
 + Level 12.1 Shields
 - Level 2.0 Unarmed Combat
 - Level 1.9 Spellcasting
 - Level 1.8 Evocations


You had 12 spell levels left.
You didn't know any spells.

Dungeon Overview and Level Annotations

Branches:
Dungeon (1/1)

Altars:
Ashenzari
Cheibriados
Dithmenos
Elyvilon
Fedhas
Gozag
Kikubaaqudgha
Makhleb
Nemelex Xobeh
Okawaru
Qazlal
Ru
Sif Muna
Trog
Vehumet
Xom
Yredelemnul
Zin
The Shining One
Beogh
Jiyva
Lugonu


Innate Abilities, Weirdness & Mutations

You are resistant to torment.
You are immune to poison.
Your stone body is very resilient (AC +7).
You resist negative energy.
You are resistant to electric shocks.
You can survive without breathing.
You are immune to petrification.
You are immune to rotting.


Message History

You are too injured to fight recklessly!
You sock the earth elemental!
You destroy the earth elemental!
The earth elemental barely misses you.
The earth elemental hits you but does no damage.
You bludgeon the earth elemental!!
The earth elemental is duplicated!
The earth elemental is severely damaged.
The earth elemental hits you but does no damage. x2
The earth elemental closely misses you. The earth elemental misses you.
You bludgeon the earth elemental!!
You destroy the earth elemental!
The earth elemental hits you!
* * * LOW HITPOINT WARNING * * *
The earth elemental hits you but does no damage.
You hit the earth elemental but do no damage.
The earth elemental is severely damaged.
The earth elemental hits you.
* * * LOW HITPOINT WARNING * * *
The earth elemental hits you!
You die...

▓........▓........▓
▓▓▓▓▓▓▓▓▓▓▓▓▓▓▓▓▓▓▓
▓...8©8...▓..8©8..▓
▓..!)|)...▓..)....▓
▓...)[|...▓..=[\..▓
▓.........▓.......▓
▓.........▓.......▓
▓...EEE...▓.......▓
▓....@....▓.......▓
▓.▓.....▓.▓.▓))†▓.▓
▓.........▓..)....▓
▓▓▓▓▓▓▓▓▓▓▓▓▓▓▓▓▓▓▓
▓..8©8..▓ ▓..}|}..▓
▓..).}..▓ ▓.......▓
▓.......▓


You could see 3 earth elementals.

Vanquished Creatures
  An unseen horror (D)
  A spriggan druid (D)
  5 toenail golems (D)
  2 large abominations (D)
  A yak (D)
  A ynoxinul (D)
  2 spriggans (D)
  2 water moccasins (D)
  2 wolves (D)
  2 phantoms (D)
  A black bear (D)
  A necrophage (D)
  2 earth elementals (D)
  A crimson imp (D)
  An iron imp (D)
  3 sheep (D)
  2 river rats (D)
  An ufetubus (D)
  An adder skeleton (D)
  2 jackals (D)
  2 ball pythons (D)
36 creatures vanquished.

Vanquished Creatures (others)
  A spatial maelstrom (D)
1 creature vanquished.

Grand Total: 37 creatures vanquished

Notes
Turn   | Place    | Note
--------------------------------------------------------------
     0 | D        | graymark, the Gargoyle Fighter, began the quest for the Orb.
     0 | D        | Reached XP level 1. HP: 14/14 MP: 1/1
     0 | D        | Found a corrupted altar of Lugonu.
     0 | D        | Found a basalt altar of Yredelemnul.
     0 | D        | Found an iron altar of Okawaru.
     0 | D        | Found a burning altar of Makhleb.
     0 | D        | Found a radiant altar of Vehumet.
     2 | D        | Found a white marble altar of Elyvilon.
     2 | D        | Found a deep blue altar of Sif Muna.
     2 | D        | Found a shimmering altar of Xom.
     2 | D        | Banished a spatial maelstrom
     4 | D        | Found a sparkling altar of Nemelex Xobeh.
     4 | D        | Found a bloodstained altar of Trog.
     6 | D        | Found a viscous altar of Jiyva.
    53 | D        | Reached skill level 4 in Fighting
    53 | D        | Reached skill level 1 in Dodging
    53 | D        | Reached skill level 1 in Spellcasting
    53 | D        | Reached skill level 1 in Evocations
    53 | D        | Reached XP level 2. HP: 18/20 MP: 1/3
   176 | D        | Entered arena 1.
   176 | D        | Noticed a toenail golem
   176 | D        | Noticed a toenail golem
   198 | D        | Killed a toenail golem
   198 | D        | Reached skill level 7 in Fighting
   198 | D        | Reached XP level 3. HP: 2/28 MP: 5/5
   198 | D        | Reached XP level 4. HP: 2/34 MP: 6/6
   198 | D        | Reached XP level 5. HP: 2/38 MP: 8/8
   198 | D        | Reached XP level 6. HP: 2/44 MP: 9/9
   221 | D        | Killed a toenail golem
   221 | D        | Reached skill level 8 in Fighting
   221 | D        | Reached skill level 5 in Dodging
   221 | D        | Reached XP level 7. HP: 34/50 MP: 10/10
   325 | D        | Entered arena 2.
   349 | D        | Entered arena 3.
   349 | D        | Noticed a phantom
   349 | D        | Noticed a phantom
   349 | D        | Noticed a necrophage
   360 | D        | Killed a necrophage
   382 | D        | Killed a phantom
   382 | D        | Reached XP level 8. HP: 45/56 MP: 12/12
   389 | D        | Killed a phantom
   389 | D        | Reached skill level 9 in Fighting
   475 | D        | Got the +7 shield of Ashenzari's Regard {-Tele +Inv rElec MP-9 Str+3}
   477 | D        | Entered arena 4.
   477 | D        | Noticed a water moccasin
   477 | D        | Noticed a water moccasin
   501 | D        | Killed a water moccasin
   516 | D        | Killed a water moccasin
   536 | D        | Entered arena 5.
   536 | D        | Noticed a yak
   539 | D        | Killed a yak
   554 | D        | Got the ring "Seris" {+Fly Str+5 Dex+3}
   562 | D        | Entered arena 6.
   562 | D        | Noticed a wolf
   562 | D        | Noticed a spriggan druid
   562 | D        | Noticed a wolf
   562 | D        | Noticed a spriggan
   562 | D        | Noticed a spriggan
   562 | D        | Noticed a black bear
   563 | D        | Killed a wolf
   566 | D        | Killed a wolf
   579 | D        | Killed a spriggan druid
   579 | D        | Reached skill level 10 in Fighting
   579 | D        | Reached skill level 10 in Armour
   579 | D        | Reached skill level 10 in Shields
   579 | D        | Reached XP level 9. HP: 29/63 MP: 13/13
   581 | D        | Killed a spriggan
   584 | D        | Killed a spriggan
   589 | D        | Killed a black bear
   794 | D        | Entered arena 7.
   794 | D        | Noticed an iron imp
   794 | D        | Noticed a large abomination
   794 | D        | Noticed a large abomination
   794 | D        | Noticed a crimson imp
   794 | D        | Noticed a ynoxinul
   798 | D        | Killed a crimson imp
   801 | D        | Killed a large abomination
   801 | D        | Reached skill level 11 in Fighting
   801 | D        | Reached skill level 10 in Maces & Flails
   807 | D        | Killed a ynoxinul
   809 | D        | Killed a large abomination
   811 | D        | Killed an iron imp
   819 | D        | Killed an unseen horror
   819 | D        | Reached XP level 10. HP: 28/70 MP: 15/15
  1031 | D        | Entered arena 8.
  1031 | D        | Noticed a toenail golem
  1031 | D        | Noticed a toenail golem
  1031 | D        | Noticed an earth elemental
  1031 | D        | Noticed an earth elemental
  1031 | D        | Noticed a toenail golem
  1031 | D        | Noticed an earth elemental
  1031 | D        | Noticed an earth elemental
  1035 | D        | Killed a toenail golem
  1037 | D        | Killed a toenail golem
  1043 | D        | Killed a toenail golem
  1043 | D        | Reached skill level 12 in Fighting
  1047 | D        | Killed an earth elemental
  1049 | D        | Killed an earth elemental
  1050 | D        | Slain by an earth elemental

Action                   |  1- 3 |  4- 6 |  7- 9 | 10-12 || total
-------------------------+-------+-------+-------+-------++-------
Melee: Flail             |    21 |    22 |    85 |       ||   128
       Great mace        |       |       |    48 |    17 ||    65
  Use: Potion            |     1 |     1 |       |       ||     2
 Stab: Paralysed         |       |       |     1 |       ||     1
  Eat: Fruit             |       |       |       |     1 ||     1
